 Dungeon Sprint DCSS version 0.20-a0-40-gb6e7b4f (webtiles) character file.

6848 esc the Arsonist (level 10, -45/94 HPs)
             Began as a Demigod Fire Elementalist on Nov 12, 2016.
             Killed from afar by a floating eye (70 damage)
             ... with an exploding inner flame
             ... hexed by the player character
             ... in the Dungeon (Sprint I: "Red Sonja").
             The game lasted 00:12:30 (2108 turns).

esc the Arsonist (Demigod Fire Elementalist)        Turns: 2108, Time: 00:12:31

Health: -45/94     AC:  7    Str: 11    XL:     10   Next: 49%
Magic:  13/28      EV: 20    Int: 29    God:
Gold:   1243       SH:  0    Dex: 16    Spells: 3 memorised, 19 levels left

rFire  x . .     SeeInvis +     p - +2 dagger (drain)
rCold  + . .     Gourm    .     a - +1 robe "Daburrug" {rF- rC+ SInv} (curse)
rNeg   . . .     Faith    .     (no shield)
rPois  .         Spirit   .     s - +1 helmet
rElec  +         Reflect  .     (no cloak)
rCorr  .         Harm     .     (no gloves)
MR     +....     NoTele   +     l - +2 pair of boots "Zoprick" {rElec Int+4}
Stlth  ++........               (no amulet)
                                (no ring)
                                (no ring)

@: very slightly contaminated
A: deformed body, high mp 1
a: no special abilities


You were in the Dungeon.
You were not hungry.

You visited 1 branch You collected 1724 gold pieces.
You spent 481 gold pieces at shops.

Inventory:

Hand Weapons
 o - a +0 blowgun
   (You took it off Sonja in the Dungeon)
 p - a +2 dagger of draining (weapon)
   (You took it off Sonja in the Dungeon)
Missiles
 j - 8 curare-tipped needles
Armour
 a - the cursed +1 robe "Daburrug" (worn) {rF- rC+ SInv}
   (You found it in the Dungeon)

   It makes you vulnerable to fire.
   It protects you from cold.
   It lets you see invisible.
   It has a curse placed upon it.
 l - the +2 pair of boots "Zoprick" (worn) {rElec Int+4}
   (You found it in the Dungeon)

   It affects your intelligence (+4).
   It insulates you from electricity.
 r - a +2 leather armour of cold resistance
   (You found it in the Dungeon)
 s - a +1 helmet (worn)
   (You bought it in a shop in the Dungeon)
Wands
 k - a wand of iceblast (7/15)
   (You found it in the Dungeon)
 n - a wand of lightning (11/15)
   (You took it off Sonja in the Dungeon)
Scrolls
 i - 2 scrolls of blinking {!r}
 q - a scroll of identify
Potions
 d - 5 potions of curing
 e - a potion of heal wounds
 f - a potion of haste
 g - 2 potions of magic
Books
 b - a book of Flames
Miscellaneous
 m - a box of beasts
 u - a crystal ball of energy
   (You found it in the Dungeon)
Comestibles
 c - 2 bread rations {@e1}


   Skills:
 + Level 10.8 Fighting
 - Level 2.5 Armour
 + Level 11.0 Dodging
 - Level 1.7 Stealth
 + Level 10.1 Spellcasting
 + Level 10.8 Conjurations
 + Level 11.1 Fire Magic


You had 19 spell levels left.
You knew the following spells:

 Your Spells              Type           Power        Failure   Level  Hunger
a - Flame Tongue          Conj/Fire      #####        1%          1    None
f - Fireball              Conj/Fire      ######....   1%          5    ###....
s - Sticky Flame          Conj/Fire      ######..     1%          4    None


Dungeon Overview and Level Annotations

Branches:
Dungeon (1/1)

Shops:
D *}:*((:}(*:[%[([}


Innate Abilities, Weirdness & Mutations

You have an increased reservoir of magic. (+10% MP)
Armour fits poorly on your strangely shaped body.


Message History

There is an entrance to Nithre Rats's Weapon Boutique here.
There is an entrance to Zilaups's Gadget Shoppe here.
Search for what [? for help]? remove Can't find anything matching that.
There is an entrance to Tistrasche's Book Shop here.
There is an entrance to Votanu Idio's Weapon Emporium here.
There is an entrance to Zigeh's Weapon Boutique here.
There is an entrance to Qunnudam's General Store here.
There is an entrance to Guumyec's Book Shop here.
There is an entrance to Qunnudam's General Store here.
There is an entrance to Votanu Idio's Weapon Emporium here.
There is an entrance to Tistrasche's Book Shop here.
There is an entrance to Zilaups's Gadget Shoppe here.
There is an entrance to Nithre Rats's Weapon Boutique here.
There is an entrance to Rituas's General Store here.
There is an entrance to Puanedghe's Book Shop here.
There is an entrance to Nuezoh's Armour Shoppe here.
There is an entrance to Seazyar's Food Boutique here.
There is an entrance to Cozxadgh's Weapon Emporium here.
There is an entrance to Ydiul's Armour Boutique here.
There is an entrance to Buni's Gadget Emporium here.
There is an entrance to Ydiul's Armour Boutique here.
There is an open door here.
You enter the shallow water.
Moving in this stuff is going to be slow.
You see here a necrophage corpse.
There is an open door here.
You see here a necrophage skeleton.
There is an open door here.
There is an open door here.
Things that are here:
a necrophage skeleton x2
There is an open door here.
You enter the shallow water.
Moving in this stuff is going to be slow.
You open the door.
There is an open door here.
There is an open door here.
There is a radiant altar of Vehumet here.
There is an open door here.
There is an open door here.
Okay, then.
Okay, then.
Okay, then.
Okay, then.
There is an open door here.
There is an open door here.
There is an open door here.
You see here a +0 club.
There is an entrance to Utwy's Gadget Emporium here.
You see here a +0 club.
There is an open door here.
There is a radiant altar of Vehumet here.
There is an open door here.
There is an open door here.
You open the huge gate. 3 floating eyes and 6 shining eyes come into view.
The shining eye turns its gaze towards you. x2
Really read
h - a scroll of immolation {!r}?
As you read the scroll of immolation {!r}, it crumbles to dust.
The creatures around you are filled with an inner flame!
Unknown command.
Okay, then.
The fireball explodes!
The fireball engulfs the floating eye.
The floating eye explodes!
The fiery explosion engulfs the shining eye.
The fireball engulfs the shining eye.
The shining eye explodes!
The fiery explosion engulfs you! The fire burns you terribly!
Your Dodging skill increases to level 11!
Your Fire Magic skill increases to level 11!
You are engulfed in roaring flames.
* * * LOW HITPOINT WARNING * * *
The shining eye turns its gaze towards you.
The floating eye turns its gaze towards you. x2
The shining eye turns its gaze towards you. x2
The floating eye's stare focuses on you.
You take 70 damage, and have 24/94 hp.
MASSIVE DAMAGE!!
You now have 23/28 mp.
Unknown command.
The floating eye's stare focuses on you.
A floating eye comes into view.
You miscast Fireball.
You are very lightly contaminated with residual magic.
You smell something strange.
The floating eye turns its gaze towards you.
The shining eye is engulfed in roaring flames.
The shining eye gazes at you.
Strange energies course through your body.
Your body twists and deforms. 2 shining eyes come into view.
You now have 18/28 mp.
Aim: a shining eye (inner flame)
The fireball explodes!
The fireball engulfs the shining eye.
The fireball engulfs the floating eye.
The floating eye explodes!
The fiery explosion engulfs you! The fire burns you terribly!
Ouch! That really hurt!
You die...

#..#####'#####'#__####
#..####..#...#.####§§#
#..#__####..##.#§§§§§#
#..#_____##'#..'§§§§§'
#⌠⌠#_.∩)..'..._#≈≈≈.§#
####_..__##_.#'##§####
*,,#_____###'#.#())(##
############.####'###.
#∩.§§@§...'...'.....'(
###§§§§####...########
#.§G§§GG####.###......
#.G§§G...#.#'#.#......
#..#.....#.....#''.###
#.....G..#..)..#....§.
#.....#..#######§..§§§
#G....GG.##([...§§.§.§
*,,*,,,,,*#.........§≈


You could see 7 shining eyes and 2 floating eyes.

Vanquished Creatures
  2 centaur warriors (D)
  Sonja (D)
  A deep troll (D)
  2 unseen horrors (D)
  A shining eye (D)
  An oklob plant (D)
  2 kobold demonologists (D)
  A hornet (D)
  A slime creature (D)
  Sigmund (D)
  A yak (D)
  2 redbacks (D)
  3 floating eyes (D)
  7 necrophages (D)
  An ogre (D)
  8 jellies (D)
  Ijyb (D)
  2 ballistomycetes (D)
38 creatures vanquished.

Vanquished Creatures (others)
  A gargoyle (D)
  2 ballistomycete spores (D)
3 creatures vanquished.

Grand Total: 41 creatures vanquished

Notes
Turn   | Place    | Note
-------+----------+-------------------------------------------
     0 | D        | esc the Demigod Fire Elementalist began the quest for the Orb.
     0 | D        | Reached XP level 1. HP: 14/14 MP: 5/5
     1 | D        | Noticed Ijyb
    12 | D        | Killed Ijyb
    12 | D        | Reached skill level 2 in Fighting
    12 | D        | Reached skill level 2 in Dodging
    12 | D        | Reached skill level 2 in Spellcasting
    12 | D        | Reached skill level 2 in Conjurations
    12 | D        | Reached skill level 3 in Fire Magic
    12 | D        | Reached XP level 2. HP: 24/24 MP: 0/8
   168 | D        | Noticed an ogre
   173 | D        | Killed an ogre
   173 | D        | Reached skill level 3 in Fighting
   173 | D        | Reached skill level 4 in Dodging
   173 | D        | Reached skill level 3 in Spellcasting
   173 | D        | Reached skill level 3 in Conjurations
   173 | D        | Reached skill level 4 in Fire Magic
   173 | D        | Reached XP level 3. HP: 31/31 MP: 3/11
   173 | D        | Reached XP level 4. HP: 38/38 MP: 3/12
   244 | D        | Learned a level 4 spell: Sticky Flame
   244 | D        | Noticed Sigmund
   249 | D        | Killed Sigmund
   249 | D        | Reached skill level 4 in Fighting
   249 | D        | Reached skill level 5 in Dodging
   249 | D        | Reached skill level 4 in Spellcasting
   249 | D        | Reached skill level 5 in Conjurations
   249 | D        | Reached skill level 5 in Fire Magic
   249 | D        | Reached XP level 5. HP: 47/47 MP: 5/15
   327 | D        | Found a deep blue altar of Sif Muna.
   329 | D        | Found a radiant altar of Vehumet.
   331 | D        | Reached skill level 5 in Fighting
   331 | D        | Reached skill level 5 in Spellcasting
   340 | D        | Got a pair of scorched boots
   346 | D        | Identified the +2 pair of boots "Zoprick" {rElec Int+4} (You found it in the Dungeon)
   363 | D        | Found Utwy's Gadget Emporium.
   363 | D        | Found an ancient bone altar of Kikubaaqudgha.
   363 | D        | Found a hazy altar of Hepliaklqana.
   363 | D        | Found a stormy altar of Qazlal.
   363 | D        | Found a hide-covered altar of Uskayaw.
   363 | D        | Found a blossoming altar of Fedhas.
   363 | D        | Found a bloodstained altar of Trog.
   363 | D        | Found an iron altar of Okawaru.
   363 | D        | Found a basalt altar of Yredelemnul.
   363 | D        | Found a glowing golden altar of the Shining One.
   363 | D        | Found a snail-covered altar of Cheibriados.
   363 | D        | Found a sacrificial altar of Ru.
   363 | D        | Found a glowing silver altar of Zin.
   363 | D        | Found a shadowy altar of Dithmenos.
   363 | D        | Found a white marble altar of Elyvilon.
   363 | D        | Noticed a yak
   370 | D        | Killed a yak
   370 | D        | Reached skill level 6 in Dodging
   370 | D        | Reached skill level 6 in Fire Magic
   370 | D        | Reached XP level 6. HP: 52/57 MP: 11/17
   378 | D        | Found an opulent altar of Gozag.
   379 | D        | Found a sparkling altar of Nemelex Xobeh.
   383 | D        | Bought a box of beasts for 260 gold pieces
   423 | D        | Learned a level 5 spell: Fireball
   426 | D        | Found a burning altar of Makhleb.
   426 | D        | Found a viscous altar of Jiyva.
   426 | D        | Found a shimmering altar of Xom.
   426 | D        | Found a corrupted altar of Lugonu.
   426 | D        | Noticed a slime creature
   446 | D        | Killed a slime creature
   446 | D        | Reached skill level 6 in Fighting
   446 | D        | Reached skill level 6 in Spellcasting
   446 | D        | Reached skill level 6 in Conjurations
   446 | D        | Reached skill level 7 in Fire Magic
   446 | D        | Reached XP level 7. HP: 34/63 MP: 7/19
   587 | D        | Noticed Sonja
   592 | D        | Killed Sonja
   592 | D        | Reached skill level 7 in Fighting
   592 | D        | Reached skill level 7 in Dodging
   592 | D        | Reached skill level 7 in Spellcasting
   592 | D        | Reached skill level 7 in Conjurations
   592 | D        | Reached skill level 8 in Fire Magic
   592 | D        | Reached XP level 8. HP: 54/73 MP: 3/22
   695 | D        | Noticed a deep troll
   705 | D        | Killed a deep troll
   705 | D        | Reached skill level 8 in Fighting
   705 | D        | Reached skill level 8 in Dodging
   705 | D        | Reached skill level 8 in Conjurations
   741 | D        | Found Ibofria's Armour Emporium.
   842 | D        | Killed a gargoyle
   963 | D        | Bought a +1 helmet for 126 gold pieces
   999 | D        | Noticed a kobold demonologist
  1001 | D        | Noticed a kobold demonologist
  1005 | D        | Killed a kobold demonologist
  1005 | D        | Reached skill level 1 in Armour
  1009 | D        | Killed a kobold demonologist
  1009 | D        | Reached skill level 2 in Armour
  1009 | D        | Reached skill level 8 in Spellcasting
  1009 | D        | Reached skill level 9 in Fire Magic
  1031 | D        | Found Eminies's General Store.
  1039 | D        | Bought a scroll of blinking for 75 gold pieces
  1039 | D        | Bought a scroll of identify for 20 gold pieces
  1129 | D        | Noticed a centaur warrior
  1129 | D        | Noticed a centaur warrior
  1135 | D        | Killed a centaur warrior
  1135 | D        | Reached skill level 9 in Fighting
  1135 | D        | Reached skill level 9 in Dodging
  1135 | D        | Reached skill level 9 in Conjurations
  1135 | D        | Reached XP level 9. HP: 72/83 MP: 7/25
  1140 | D        | Killed a centaur warrior
  1255 | D        | Reached skill level 9 in Spellcasting
  1255 | D        | Reached skill level 10 in Fire Magic
  1327 | D        | Noticed an oklob plant
  1348 | D        | Killed an oklob plant
  1348 | D        | Reached skill level 10 in Dodging
  1470 | D        | Reached skill level 10 in Conjurations
  1513 | D        | Noticed an unseen horror
  1519 | D        | Killed an unseen horror
  1519 | D        | Reached skill level 10 in Fighting
  1519 | D        | Reached XP level 10. HP: 71/93 MP: 17/27
  1523 | D        | Noticed an unseen horror
  1640 | D        | Killed an unseen horror
  1958 | D        | Found Qunnudam's General Store.
  1958 | D        | Reached skill level 10 in Spellcasting
  1959 | D        | Found Guumyec's Book Shop.
  1959 | D        | Found Zigeh's Weapon Boutique.
  1960 | D        | Found Ydiul's Armour Boutique.
  1960 | D        | Found Cozxadgh's Weapon Emporium.
  1961 | D        | Found Buni's Gadget Emporium.
  1965 | D        | Got a ripped robe
  1976 | D        | Identified the cursed +1 robe "Daburrug" {rF- rC+ SInv} (You found it in the Dungeon)
  1992 | D        | Found Votanu Idio's Weapon Emporium.
  1992 | D        | Found Tistrasche's Book Shop.
  1992 | D        | Found Zilaups's Gadget Shoppe.
  1992 | D        | Found Nithre Rats's Weapon Boutique.
  1992 | D        | Found Rituas's General Store.
  1992 | D        | Found Puanedghe's Book Shop.
  1992 | D        | Found Nuezoh's Armour Shoppe.
  1996 | D        | Found Seazyar's Food Boutique.
  2103 | D        | Noticed a shining eye
  2103 | D        | Noticed a shining eye
  2103 | D        | Noticed a shining eye
  2103 | D        | Noticed a shining eye
  2103 | D        | Noticed a shining eye
  2103 | D        | Noticed a shining eye
  2105 | D        | Killed a shining eye
  2105 | D        | Reached skill level 11 in Dodging
  2105 | D        | Reached skill level 11 in Fire Magic
  2107 | D        | Gained mutation: Armour fits poorly on your strangely shaped body. [a shining eye]
  2108 | D        | Noticed a shining eye
  2108 | D        | Noticed a shining eye
  2108 | D        | Killed from afar by a floating eye

Vault maps used:
D:        dungeon_sprint_1

Skill      XL: |  1  2  3  4  5  6  7  8  9 10 |
---------------+-------------------------------+-----
Fighting       | 2 3 4 5 6 7 9 10 | 10.8
Dodging        | 2 4 5 6 7 9 10 11 | 11.0
Spellcasting   | 2 3 4 5 6 7 8 9 10 | 10.1
Conjurations   | 2 3 5 6 7 9 10 | 10.8
Fire Magic     | 3 4 5 6 7 8 9 10 11 | 11.1
Armour         | 2 |  2.5
Stealth        | |  1.7

Action                   |  1- 3 |  4- 6 |  7- 9 | 10-12 || total
-------------------------+-------+-------+-------+-------++-------
Melee: Unarmed           |     5 |       |       |       ||     5
       Dagger            |       |       |    43 |    14 ||    57
 Fire: Blowgun           |       |       |     1 |       ||     1
 Cast: Flame Tongue      |     8 |     7 |     7 |     1 ||    23
       Sticky Flame      |       |     4 |    19 |    16 ||    39
       Fireball          |       |       |     3 |     2 ||     5
  Use: Potion            |     1 |       |       |       ||     1
       Scroll            |       |       |     1 |     2 ||     3
 Stab: Sleeping          |       |       |     2 |     1 ||     3
  Eat: Bread ration      |       |       |     1 |       ||     1
       Pizza             |       |       |     1 |       ||     1
Armor: Robe              |     2 |       |     1 |       ||     3
       Leather armour    |       |       |     5 |     4 ||     9
Dodge: Dodged            |     5 |     3 |    30 |    20 ||    58

Vault maps used:
D:        dungeon_sprint_1

Table legend:
 A = Turns spent in this place as a percentage of turns spent in the entire game.
 B = Non-inter-level travel turns spent in this place as a percentage of non-inter-level travel turns spent in the entire game.
 C = Inter-level travel turns spent in this place as a percentage of turns spent in this place.
 D = Turns resting spent in this place as a percentage of non-inter-level travel turns spent in this place.
 E = Turns spent auto-exploring this place as a percentage of non-inter-level travel turns spent in this place.
 F = Non-inter-level travel turns spent in this place divided by the number of levels of this place that you've seen.
                   A       B       C       D       E      F
               +-------+-------+-------+-------+-------+----------------------
         Total | 100.0 | 100.0 |   0.0 |   5.9 |   0.0 | 914.0
       Dungeon | 100.0 | 100.0 |   0.0 |   5.9 |   0.0 | 914.0
               +-------+-------+-------+-------+-------+----------------------

Table legend:
 A = Kills in this place as a percentage of kills in entire the game.
 B = Kills by you in this place as a percentage of kills by you in the entire game.
 C = Kills by friends in this place as a percentage of kills by friends in the entire game.
 D = Other kills in this place as a percentage of other kills in the entire game.
 E = Experience gained in this place as a percentage of experience gained in the entire game.
 F = Experience gained in this place divided by the number of levels of this place that you have seen.
                   A       B       C       D       E      F
               +-------+-------+-------+-------+-------+----------------------
         Total | 100.0 | 100.0 |  -nan |  -nan | 100.0 | 9783.0
       Dungeon | 100.0 | 100.0 |  -nan |  -nan | 100.0 | 9783.0
               +-------+-------+-------+-------+-------+----------------------
